 Dungeon Crawl Stone Soup version 0.25.0-41-g26779e291d (webtiles) character file.

Game seed: 10992604738739767258

382 Milting the Charmwright (level 6, -1/51 HPs)
             Began as a Gnoll Skald on July 10, 2020.
             Slain by a leopard gecko (2 damage)
             ... on level 5 of the Dungeon.
             The game lasted 00:16:04 (4153 turns).

Milting the Charmwright (Gnoll Skald)               Turns: 4153, Time: 00:16:05

Health: -1/51      AC:  6    Str: 15    XL:     6   Next: 76%
Magic:  14/14      EV: 12    Int: 15    God:
Gold:   170        SH:  0    Dex: 15    Spells: 14/15 levels left

rFire    . . .     SeeInvis .   a - +0 hand axe
rCold    . . .     Gourm    .   (no shield)
rNeg     . . .     Faith    .   e - +0 scale mail
rPois    .         Spirit   .   (no helmet)
rElec    .         Reflect  .   (no cloak)
rCorr    .         Harm     .   (no gloves)
MR       .....                  (no boots)
Stlth    ..........             (no amulet)
HPRegen  0.17/turn              (no ring)
MPRegen  0.14/turn              (no ring)

@: confused
A: distributed training, fangs 1, strong nose
a: no special abilities


You were on level 5 of the Dungeon.
You were not hungry.

You visited 2 branches of the dungeon, and saw 6 of its levels.

You collected 170 gold pieces.

Inventory:

Hand Weapons
 a - a +0 hand axe (weapon)
 g - a +0 hand axe
 h - a +0 hunting sling
 j - a +0 hunting sling
 t - a +0 scythe
 u - a +2 dagger of venom
Missiles
 l - 103 stones (quivered)
 n - 58 poisoned darts
Armour
 b - a +0 leather armour
 e - a +0 scale mail (worn)
 m - a +0 ring mail
 p - a +0 cloak
Jewellery
 o - a cursed ring of teleportation {unknown}
Scrolls
 c - a scroll of identify {unknown}
 f - a scroll of enchant armour {unknown}
 i - 2 scrolls of magic mapping {unknown}
 k - a scroll of noise {unknown}
 s - a scroll of blinking {unknown}
 v - a scroll of remove curse {unknown}
 w - a scroll of random uselessness {unknown}
Potions
 q - a potion of curing {unknown}
 r - 3 potions of flight {unknown}
Comestibles
 d - 8 rations


   Skills:
 + Level 5.0 Fighting
 + Level 2.0 Short Blades
 + Level 2.0 Long Blades
 + Level 5.0 Axes
 + Level 2.0 Maces & Flails
 + Level 2.0 Polearms
 + Level 2.0 Staves
 + Level 2.0 Slings
 + Level 2.0 Bows
 + Level 2.0 Crossbows
 + Level 2.0 Throwing
 + Level 3.3 Armour
 + Level 5.0 Dodging
 + Level 2.0 Stealth
 + Level 2.0 Shields
 + Level 2.0 Unarmed Combat
 + Level 5.4 Spellcasting
 + Level 1.6 Conjurations
 + Level 1.6 Hexes
 + Level 5.7 Charms
 + Level 1.6 Summonings
 + Level 1.6 Necromancy
 + Level 1.6 Translocations
 + Level 1.6 Transmutations
 + Level 1.6 Fire Magic
 + Level 1.6 Ice Magic
 + Level 1.6 Air Magic
 + Level 1.6 Earth Magic
 + Level 1.6 Poison Magic
 + Level 2.2 Invocations
 + Level 2.0 Evocations


You had 14 spell levels left.
You knew the following spells:

 Your Spells              Type           Power        Failure   Level  Hunger
a - Infusion              Chrm           ###.         5%          1    None

Your spell library contained the following spells:

 Spells                   Type           Power        Failure   Level  Hunger
 Song of Slaying          Chrm           ###.....     9%          2    #......
 Shroud of Golubria       Chrm/Tloc      ###...       19%         2    #......
 Magic Dart               Conj           #...         30%         1    None
 Ozocubu's Armour         Chrm/Ice       ###.....     36%         3    ###....
 Spectral Weapon          Hex/Chrm       ###.....     36%         3    ###....
 Blink                    Tloc           N/A          41%         2    #......
 Call Imp                 Summ           #.......     41%         2    #......
 Slow                     Hex            #.......     41%         2    #......
 Conjure Flame            Conj/Fire      #.......     65%         3    ###....
 Mephitic Cloud           Conj/Pois/Air  #.......     65%         3    ###....


Dungeon Overview and Level Annotations

Branches:
Dungeon (5/15)             Temple (1/1) D:4

Altars:
Cheibriados
Dithmenos
Fedhas
Gozag
Hepliaklqana
Kikubaaqudgha
Nemelex Xobeh
Qazlal
Trog
Uskayaw
Vehumet
Wu Jian
Xom
Yredelemnul
Zin
The Shining One

Annotations:
D:3 Grinder


Innate Abilities, Weirdness & Mutations

Your experience applies equally to all skills.
You have very sharp teeth.
Your uncanny sense of smell can sniff out nearby items.


Message History

You barely miss the leopard gecko. You hit the howler monkey.
You barely miss something.
The ogre hits you with a cursed -1 giant club!
* * * LOW HITPOINT WARNING * * *
The leopard gecko bites you.
* * * LOW HITPOINT WARNING * * *
The howler monkey hoots and howls with incredible vigour!
You hear some strange, mumbled words.
You are confused.
You miss the leopard gecko.
The leopard gecko is severely wounded.
You barely miss the ogre. You closely miss something.
You closely miss the howler monkey. The leopard gecko barely misses you.
The howler monkey closely misses you. The ogre closely misses you.
Something hits you but does no damage.
You closely miss the ogre. You bite the ogre.
The ogre is almost dead.
You closely miss the leopard gecko. You barely miss the howler monkey.
You closely miss something. The leopard gecko bites you.
You die...

........# ..
......... ...
........# ....
........###....
...............
...............
....#..........
......h@.......
...##.{Ol......
##.<.......
#.S....###
##.....#
#.....# #.###?#
..# ... ... ...


You could see an ogre, a howler monkey (catching breath), a leopard gecko and a
ball python.

Vanquished Creatures
  Sigmund (D:3)
  A scorpion (D:4)
  A howler monkey (D:5)
  An orc wizard (D:3)
  2 adders
  An ooze (D:2)
  2 dart slugs (D:1)
  4 leopard geckos
  17 orcs
  8 bats
  A giant cockroach (D:1)
  5 hobgoblins
  4 jackals (D:2)
  5 frilled lizards
  3 goblins
  A jackal skeleton (D:4)
  7 kobolds
  7 rats
71 creatures vanquished.

Notes
Turn   | Place    | Note
-------+----------+-------------------------------------------
     0 | D:1      | Milting the Gnoll Skald began the quest for the Orb.
     0 | D:1      | Reached XP level 1. HP: 20/20 MP: 6/6
   196 | D:1      | Reached XP level 2. HP: 26/26 MP: 7/7
   663 | D:1      | Reached XP level 3. HP: 31/31 MP: 9/9
   721 | D:1      | Reached skill level 5 in Spellcasting
  1504 | D:2      | Reached skill level 1 in Invocations
  1876 | D:3      | Noticed Sigmund
  1897 | D:3      | Killed Sigmund
  1897 | D:3      | Reached skill level 1 in Short Blades
  1897 | D:3      | Reached skill level 1 in Long Blades
  1897 | D:3      | Reached skill level 1 in Maces & Flails
  1897 | D:3      | Reached skill level 1 in Polearms
  1897 | D:3      | Reached skill level 1 in Staves
  1897 | D:3      | Reached skill level 1 in Slings
  1897 | D:3      | Reached skill level 1 in Bows
  1897 | D:3      | Reached skill level 1 in Crossbows
  1897 | D:3      | Reached skill level 1 in Throwing
  1897 | D:3      | Reached skill level 1 in Stealth
  1897 | D:3      | Reached skill level 1 in Shields
  1897 | D:3      | Reached skill level 1 in Unarmed Combat
  1897 | D:3      | Reached skill level 1 in Conjurations
  1897 | D:3      | Reached skill level 1 in Hexes
  1897 | D:3      | Reached skill level 1 in Summonings
  1897 | D:3      | Reached skill level 1 in Necromancy
  1897 | D:3      | Reached skill level 1 in Translocations
  1897 | D:3      | Reached skill level 1 in Transmutations
  1897 | D:3      | Reached skill level 1 in Fire Magic
  1897 | D:3      | Reached skill level 1 in Ice Magic
  1897 | D:3      | Reached skill level 1 in Air Magic
  1897 | D:3      | Reached skill level 1 in Earth Magic
  1897 | D:3      | Reached skill level 1 in Poison Magic
  1897 | D:3      | Reached skill level 1 in Evocations
  1897 | D:3      | Reached XP level 4. HP: 6/38 MP: 11/11
  1897 | D:3      | Reached XP level 5. HP: 7/43 MP: 12/12
  2217 | D:3      | Reached XP level 6. HP: 39/50 MP: 13/13
  2585 | D:3      | Noticed Grinder
  2608 | D:3      | Paralysed by Grinder for 7 turns
  3117 | D:3      | Paralysed by Grinder for 4 turns
  3129 | D:3      | Paralysed by Grinder for 5 turns
  3596 | D:4      | Found a staircase to the Ecumenical Temple.
  3606 | Temple   | Entered the Ecumenical Temple
  3967 | D:4      | Reached skill level 5 in Fighting
  3967 | D:4      | Reached skill level 5 in Axes
  3967 | D:4      | Reached skill level 5 in Dodging
  4130 | D:5      | Entered Level 5 of the Dungeon
  4151 | D:5      | HP: 1/51 [leopard gecko (2)]
  4153 | D:5      | Slain by a leopard gecko

Illustrated notes

Levels and vault maps discovered:
D:1:      scummos_arrival_gate, layout_basic, chequers_jeans
D:2:      layout_basic
D:3:      layout_loops_ring, uniq_grinder, uniq_sigmund
D:4:      layout_basic, led_sif_book, minmay_temple_entry_large_hall,
          first_ration, minmay_misc_feat_hallway
D:5:      lemuel_ratsnest, layout_basic
Temple:   regret_index_temple_sphere_string

Skill      XL: |  1  2  3  4  5  6 |
---------------+-------------------+-----
Spellcasting   | 5 |  5.4
Invocations    | 1 2 |  2.2
Short Blades   | 1 2 |  2.0
Long Blades    | 1 2 |  2.0
Maces & Flails | 1 2 |  2.0
Polearms       | 1 2 |  2.0
Staves         | 1 2 |  2.0
Slings         | 1 2 |  2.0
Bows           | 1 2 |  2.0
Crossbows      | 1 2 |  2.0
Throwing       | 1 2 |  2.0
Armour         | 3 |  3.3
Stealth        | 1 2 |  2.0
Shields        | 1 2 |  2.0
Unarmed Combat | 1 2 |  2.0
Conjurations   | 1 |  1.6
Hexes          | 1 |  1.6
Summonings     | 1 |  1.6
Necromancy     | 1 |  1.6
Translocations | 1 |  1.6
Transmutations | 1 |  1.6
Fire Magic     | 1 |  1.6
Ice Magic      | 1 |  1.6
Air Magic      | 1 |  1.6
Earth Magic    | 1 |  1.6
Poison Magic   | 1 |  1.6
Evocations     | 1 2 |  2.0
Fighting       | 5 |  5.0
Axes           | 5 |  5.0
Dodging        | 5 |  5.0
Charms         | |  5.7

Action                   |  1- 3 |  4- 6 || total
-------------------------+-------+-------++-------
Melee: Hand axe          |   130 |   139 ||   269
       Bite              |     7 |    17 ||    24
       Punch             |       |     1 ||     1
  Use: Potion            |       |     1 ||     1
  Eat: Chunk             |     3 |     7 ||    10
Armor: Leather armour    |    11 |       ||    11
       Scale mail        |    42 |    80 ||   122
Dodge: Dodged            |    82 |   104 ||   186
